 Dungeon Crawl Stone Soup version 0.21.1-1-g345015f (webtiles) character file.

432 yevrey the Ruffian (level 6, 0/51 HPs)
             Began as a Draconian Transmuter on Apr 16, 2018.
             Slain by SomaCruz's ghost (6 damage)
             ... on level 3 of the Dungeon.
             The game lasted 00:10:22 (3269 turns).

yevrey the Ruffian (Draconian Transmuter)           Turns: 3269, Time: 00:10:23

Health: 0/51       AC:  6    Str: 12    XL:     6   Next: 67%
Magic:  8/10       EV: 12    Int: 16    God:
Gold:   181        SH:  0    Dex: 11    Spells: 1/11 levels left

rFire    . . .     SeeInvis .     - Unarmed
rCold    . . .     Gourm    .   (no shield)
rNeg     . . .     Faith    .   (armour unavailable)
rPois    .         Spirit   .   (helmet restricted)
rElec    .         Reflect  .   (no cloak)
rCorr    .         Harm     .   (no gloves)
MR       .....                  (no boots)
Stlth    +.........             (no amulet)
HPRegen  0.17/turn              (no ring)
MPRegen  0.12/turn              (no ring)

@: no status effects
A: unfitting armour, cold-blooded, AC +6
a: no special abilities


You were on level 3 of the Dungeon.
You were not hungry.

You visited 1 branch of the dungeon, and saw 4 of its levels.

You collected 181 gold pieces.

Inventory:

Missiles
 a - 29 arrows
 j - 7 javelins (quivered)
Armour
 u - a scarf of spirit shield
Scrolls
 e - 3 scrolls of enchant weapon
 g - 2 scrolls of fear
 k - 3 scrolls of teleportation {unknown}
 m - a scroll of enchant armour {unknown}
 o - a scroll of remove curse
 r - a scroll of random uselessness {unknown}
 s - a scroll of immolation {unknown}
Potions
 d - a potion of degeneration {unknown}
 f - 2 potions of cancellation
 h - a potion of curing {unknown}
 i - a potion of might {unknown}
 n - a potion of heal wounds {unknown}
 t - a potion of agility {unknown}
Books
 b - a book of Changes

   Spells                             Type                      Level
   a - Beastly Appendage              Transmutation                1
   b - Sticks to Snakes               Transmutation                2
   c - Spider Form                    Transmutation/Poison         3
   d - Ice Form                       Ice/Transmutation            4
   e - Blade Hands                    Transmutation                5
 p - a book of Minor Magic

   Spells                             Type                      Level
   a - Magic Dart                     Conjuration                  1
   b - Blink                          Translocation                2
   c - Call Imp                       Summoning                    2
   d - Slow                           Hexes                        2
   e - Conjure Flame                  Conjuration/Fire             3
   f - Mephitic Cloud                 Conjuration/Poison/Air       3
Comestibles
 c - 9 rations


   Skills:
 * Level 3.4 Fighting
 - Level 1.7 Dodging
 + Level 5.3 Unarmed Combat
 + Level 3.2 Spellcasting
 + Level 3.2 Transmutations
 + Level 1.3 Poison Magic


You had one spell level left.
You knew the following spells:

 Your Spells              Type           Power        Failure   Level  Hunger
a - Beastly Appendage     Tmut           ##....       4%          1    None
b - Sticks to Snakes      Tmut           ##......     8%          2    ##.....
c - Spider Form           Tmut/Pois      #.........   22%         3    ###....
d - Blink                 Tloc           N/A          28%         2    ##.....
e - Slow                  Hex            #.......     28%         2    ##.....


Dungeon Overview and Level Annotations

Branches:
Dungeon (4/15)
 Temple: D:4-7

Altars:
Qazlal
Trog
Vehumet

Annotations:
D:3 SomaCruz's ghost, amateur HOFi


Innate Abilities, Weirdness & Mutations

Your plain brown scales are hard. (AC +6)
You cannot fit into any form of body armour.
You are cold-blooded and may be slowed by cold attacks.


Message History

SomaCruz's ghost is moderately damaged.
SomaCruz's ghost hits you!
You barely miss SomaCruz's ghost.
SomaCruz's ghost is moderately damaged.
SomaCruz's ghost misses you.
You bite SomaCruz's ghost!
SomaCruz's ghost is severely damaged.
SomaCruz's ghost completely misses you.
You hit SomaCruz's ghost but do no damage.
SomaCruz's ghost is severely damaged.
SomaCruz's ghost barely misses you.
You hit SomaCruz's ghost.
SomaCruz's ghost is severely damaged.
SomaCruz's ghost hits you!
* * * LOW HITPOINT WARNING * * *
You hit SomaCruz's ghost but do no damage.
SomaCruz's ghost is severely damaged.
Your transformation has ended.
SomaCruz's ghost hits you.
You die...

........##..#.# #...#...##..
#####...##.....#########....#####
.######......................## #
..##...............###........# #
#.##..(............###.#....#.# #
#..#........................#.# #
##.#............[...#.<.....#.##
#.#............)).....#....#..##
#..............@W....###........
###...............#...##.#..##>.
#.............<........#...##.
#......................#......
##.....#.####.................
##....#..# #............#...#
##...##.###.........#.......
#...##...#.........####..#.
#....###...........# ##.))


You could see SomaCruz's ghost.

Vanquished Creatures
  A sky beast (D:2)
  An ogre (D:4)
  An orc priest (D:3)
  An orc wizard (D:3)
  Terence (D:2)
  4 gnolls (D:3)
  3 adders (D:2)
  An ooze (D:1)
  2 worms (D:2)
  3 dart slugs
  A leopard gecko (D:1)
  9 orcs (D:3)
  9 bats
  2 giant cockroaches (D:2)
  7 goblins
  10 hobgoblins
  5 jackals
  2 quokkas
  5 frilled lizards
  9 kobolds
  12 rats
89 creatures vanquished.

Notes
Turn   | Place    | Note
-------+----------+-------------------------------------------
     0 | D:1      | yevrey the Draconian Transmuter began the quest for the Orb.
     0 | D:1      | Reached XP level 1. HP: 16/16 MP: 3/3
   233 | D:1      | Reached XP level 2. HP: 18/23 MP: 3/5
   237 | D:1      | Learned a level 2 spell: Sticks to Snakes
   637 | D:1      | Reached XP level 3. HP: 25/29 MP: 4/6
   642 | D:1      | Learned a level 3 spell: Spider Form
  1345 | D:3      | Noticed SomaCruz's ghost (amateur HOFi)
  1436 | D:2      | Reached XP level 4. HP: 30/36 MP: 1/7
  1440 | D:2      | Reached skill level 4 in Unarmed Combat
  1508 | D:2      | Found a bloodstained altar of Trog.
  1587 | D:2      | Noticed a sky beast
  1596 | D:2      | Killed a sky beast
  1596 | D:2      | Reached XP level 5. HP: 42/42 MP: 1/9
  1810 | D:2      | Noticed Terence
  1826 | D:2      | Killed Terence
  2204 | D:3      | Reached skill level 1 in Poison Magic
  2391 | D:3      | Found a stormy altar of Qazlal.
  2459 | D:3      | Reached XP level 6. HP: 46/51 MP: 6/10
  2467 | D:3      | Learned a level 2 spell: Blink
  2470 | D:3      | Learned a level 2 spell: Slow
  2519 | D:4      | Reached skill level 5 in Unarmed Combat
  2689 | D:3      | Found a radiant altar of Vehumet.
  3269 | D:3      | Slain by SomaCruz's ghost

Skill      XL: |  1  2  3  4  5  6 |
---------------+-------------------+-----
Fighting       | 2 3 |  3.4
Unarmed Combat | 4 5 |  5.3
Spellcasting   | 3 |  3.2
Poison Magic   | 1 |  1.3
Transmutations | 3 |  3.2
Dodging        | |  1.7

Action                   |  1- 3 |  4- 6 || total
-------------------------+-------+-------++-------
Melee: Unarmed           |   148 |   116 ||   264
       Kick              |     8 |     2 ||    10
       Tailslap          |     4 |     3 ||     7
       Headbutt          |     1 |     1 ||     2
       Punch             |     1 |       ||     1
 Cast: Beastly Appendage |    15 |     6 ||    21
       Spider Form       |     4 |    12 ||    16
       Slow              |       |     4 ||     4
 Abil: End Transformatio |     1 |     4 ||     5
  Use: Scroll            |       |     6 ||     6
 Stab: Sleeping          |     1 |       ||     1
  Eat: Chunk             |     3 |     6 ||     9
       Ration            |       |     1 ||     1
Armor: Skin              |    30 |    23 ||    53
Dodge: Dodged            |   110 |   155 ||   265
